 Dungeon Crawl Stone Soup version 0.30.1-3-gfc49f6343a (webtiles) character file.

Game seed: 4703166975461957739

88 javelincjr the Trooper (level 4, -1/37 HPs)
             Began as a Demonspawn Fighter on July 21, 2023.
             Slain by an orc wizard
             ... wielding a +0 dagger
              (4 damage)
             ... on level 4 of the Dungeon.
             The game lasted 00:04:51 (1183 turns).

javelincjr the Trooper (Demonspawn Fighter)         Turns: 1183, Time: 00:04:52

Health: -1/37      AC:  6    Str: 19    XL:     4   Next: 29%
Magic:  4/4        EV:  9    Int:  9    God:
Gold:   71         SH:  0    Dex: 12    Spells: 3/3 levels left

rFire   x . .        a - +0 war axe
rCold   + . .        c - +0 buckler
rNeg    . . .        b - +0 scale mail
rPois   .            (helmet restricted)
rElec   .            (no cloak)
rCorr   .            (no gloves)
SInv    .            (no boots)
Will    .....        (no amulet) Stlth
                     e - ring of wizardry
HPRegen 0.26/turn    h - ring of ice
MPRegen 0.18/turn

%: wizardry (x1)
@: confused
A: horns 2, magic regeneration
a: no special abilities


You were on level 4 of the Dungeon.
You visited 1 branch of the dungeon, and saw 3 of its levels.

You collected 71 gold pieces.

Inventory:

Hand Weapons
 a - a +0 war axe (weapon)
Armour
 b - a +0 scale mail (worn)
 c - a +0 buckler (worn)
Jewellery
 e - a ring of wizardry (left hand)
 h - a ring of ice (right hand)
Scrolls
 g - a scroll of enchant weapon {unknown}
 i - 2 scrolls of identify {unknown}
 k - 2 scrolls of immolation {unknown}
 m - a scroll of fear {unknown}
 n - a scroll of enchant armour {unknown}
Potions
 d - a potion of might
 f - a potion of ambrosia {unknown}
 j - a potion of resistance {unknown}
 l - a potion of curing {unknown}


   Skills:
 * Level 3.8 Fighting
 + Level 2.3 Axes
 * Level 3.4 Armour
 + Level 3.1 Shields


You had 3 spell levels left.
You didn't know any spells.
Your spell library contained the following spells:

 Spells                   Type           Power      Damage    Failure   Level
 Apportation              Tloc           0%         N/A       50%         1
 Necrotise                Necr           0%         1d4       50%         1
 Summon Small Mammal      Summ           0%         N/A       50%         1
 Ensorcelled Hibernation  Hex/Ice        0%         N/A       63%         2
 Spider Form              Tmut/Pois      0%         N/A       85%         3
 Anguish                  Hex/Necr       0%         N/A       99%         4


Dungeon Overview and Level Annotations

Branches:
Dungeon (2/15)

Altars:

Portals:
Sewer: D:4


Innate Abilities, Weirdness & Mutations

You have a pair of horns on your head.
You regenerate magic rapidly.


Message History

You barely miss something.
Something hits you but does no damage. x2
You bump into the rock wall.
Something hits you but does no damage.
You bump into the rock wall.
Something hits you but does no damage.
You bump into the rock wall.
Something hits you but does no damage.
You bump into the rock wall.
Something hits you.
You bump into the rock wall.
You feel less confused.
You hear some strange, mumbled words.
A magic dart appears from out of thin air!
The magic dart hits you.
You barely miss something. You headbutt something.
Something hits you but does no damage.
You miss something. You block something's attack.
You hit something but do no damage. You headbutt something. Something hits you.
You block something's attack.
You hit something but do no damage. Something hits you.
You closely miss something. Your headbutt misses something.
You hear some strange, mumbled words.
You are confused.
You hear some strange, mumbled words.
A magic dart appears from out of thin air!
The magic dart hits you.
* * * LOW HITPOINT WARNING * * *
You're too confused to move!
You hear some strange, mumbled words.
You are more confused.
You bump into the rock wall.
Something hits you but does no damage.
You bump into the rock wall.
Something hits you but does no damage.
You're too confused to move!
Something hits you.
* * * LOW HITPOINT WARNING * * *
You miss something. You headbutt something! Something hits you.
* * * LOW HITPOINT WARNING * * *
You bump into the rock wall.
You hear some strange, mumbled words.
You are more confused.
You bump into the rock wall.
Something hits you.
* * * LOW HITPOINT WARNING * * *
You bump into the rock wall.
Something hits you but does no damage.
You're too confused to move!
Something hits you.
You die...

#..o... #...... #....o.
#+# #...... #.# ###
#...... #.# #.# #......
#.# #.#
#......##.##############.#
#......'.....{@..........#
.......##.##############.#
....... #.# #.# .......
#.# #.# .....## #.# #.#
..... #.# #.# .... #.# #.#
.... #.# #.# #.####


There were no monsters in sight!

Vanquished Creatures
  An orc wizard (D:4)
  2 river rats (D:4)
  An adder (D:4)
  A worm (D:1)
  An orc (D:4)
  4 endoplasms
  4 giant cockroaches
  A hobgoblin (D:2)
  3 jackals (D:1)
  3 kobolds
  2 quokkas
  3 bats (D:1)
  2 frilled lizards (D:1)
  3 rats
31 creatures vanquished.

Notes
Turn   | Place    | Note
-------+----------+-------------------------------------------
     0 | D:1      | javelincjr the Demonspawn Fighter began the quest for the
                  | Orb.
     0 | D:1      | Reached XP level 1. HP: 18/18 MP: 1/1
   101 | D:1      | Gained mutation: You have a pair of small horns on your
                  | head. [demonic ancestry]
   101 | D:1      | Reached XP level 2. HP: 24/24 MP: 2/2
   802 | D:2      | You fall into a shaft and drop 2 floors!
   811 | D:4      | Gained mutation: You regenerate magic rapidly. [demonic
                  | ancestry]
   811 | D:4      | Reached XP level 3. HP: 26/29 MP: 3/3
   953 | D:4      | Found a glowing drain.
  1158 | D:4      | Gained mutation: You have a pair of horns on your head.
                  | [demonic ancestry]
  1158 | D:4      | Reached XP level 4. HP: 22/37 MP: 4/4
  1183 | D:4      | Slain by an orc wizard

Illustrated notes

Levels and vault maps discovered:
D:1:      ncdulo_smallfort, layout_basic, nicolae_wormholes
D:2:      layout_rooms, minmay_pentomino_x2
D:4:      layout_basic, gup_sewer_entry_bubbles

Skill      XL: |  1  2 |
---------------+-------+-----
Axes           | 2 |  2.3
Armour         | 3 |  3.4
Shields        | 3 |  3.1
Fighting       | |  3.8

Action                     |  1- 3 |  4- 6 || total
---------------------------+-------+-------++-------
  Melee: War axe           |    89 |     7 ||    96
         Headbutt          |    11 |     3 ||    14
 Armour: Scale mail        |    38 |    12 ||    50
  Dodge: Dodged            |    29 |       ||    29
  Block: Buckler           |    18 |     2 ||    20
